 Dungeon Crawl Stone Soup version 0.24.0-13-gcf9b319 (webtiles) character file.

Game seed: 10078558496961130410, levelgen mode: deterministic

11 Blumpo the Firebug (level 2, -1/20 HPs)
             Began as a Draconian Fire Elementalist on Jan 17, 2020.
             Slain by a kobold
             ... wielding a +0 whip
              (6 damage)
             ... on level 1 of the Dungeon.
             The game lasted 00:03:30 (574 turns).

Blumpo the Firebug (Draconian Fire Elementalist)     Turns: 574, Time: 00:03:30

Health: -1/20      AC:  4    Str: 10    XL:     2   Next: 17%
Magic:  3/5        EV: 12    Int: 15    God:
Gold:   43         SH:  0    Dex: 11    Spells: 4/5 levels left

rFire    . . .     SeeInvis .   c - +0 club
rCold    . . .     Gourm    .   (no shield)
rNeg     . . .     Faith    .   (armour unavailable)
rPois    .         Spirit   .   (helmet restricted)
rElec    .         Reflect  .   (no cloak)
rCorr    .         Harm     .   (no gloves)
MR       .....                  (no boots)
Stlth    ++........             (no amulet)
HPRegen  0.06/turn              (no ring)
MPRegen  0.09/turn              (no ring)

@: no status effects
A: unfitting armour, cold-blooded, AC +4
a: no special abilities


You were on level 1 of the Dungeon.
You were not hungry.

You visited 1 branch of the dungeon, and saw 1 of its levels.

You collected 43 gold pieces.

Inventory:

Hand Weapons
 c - a +0 club (weapon)
 j - a +0 whip
Missiles
 g - 43 stones (quivered)
Scrolls
 f - a scroll of teleportation {unknown}
 h - a scroll of enchant armour {unknown}
 i - a scroll of identify {unknown}
Potions
 a - a potion of agility {unknown}
 d - a potion of might {unknown}
 e - a potion of invisibility {unknown}
 k - a potion of heal wounds {unknown}
Comestibles
 b - 3 rations


   Skills:
 + Level 0.4 Maces & Flails
 + Level 1.9 Dodging
 + Level 2.0 Stealth
 + Level 2.2 Spellcasting
 + Level 1.0 Conjurations
 + Level 3.1 Fire Magic


You had 4 spell levels left.
You knew the following spells:

 Your Spells              Type           Power        Failure   Level  Hunger
a - Flame Tongue          Conj/Fire      #....        10%         1    #......

Your spell library contained the following spells:

 Spells                   Type           Power        Failure   Level  Hunger
 Throw Flame              Conj/Fire      #.....       14%         2    ###....
 Conjure Flame            Conj/Fire      #.......     28%         3    ###....
 Inner Flame              Hex/Fire       #.......     34%         3    ###....
 Sticky Flame             Conj/Fire      #.......     67%         4    #####..
 Fireball                 Conj/Fire      #.........   95%         5    ######.


Dungeon Overview and Level Annotations

Branches:
Dungeon (1/15)

Altars:


Innate Abilities, Weirdness & Mutations

Your plain brown scales are hard. (AC +4)
You cannot fit into any form of body armour.
You are cold-blooded and may be slowed by cold attacks.


Message History

You hit the kobold but do no damage.
You tail-slap the kobold, but do no damage.
The kobold is severely wounded.
The kobold closely misses you.
You hit the kobold but do no damage.
Your tail-slap misses the kobold.
The kobold is severely wounded.
The kobold hits you with a +0 whip.
* * * LOW HITPOINT WARNING * * *
The kobold hits you but does no damage.
You barely miss the kobold.
The kobold is severely wounded.
The kobold hits you with a +0 whip.
* * * LOW HITPOINT WARNING * * *
You hit the kobold but do no damage.
The kobold is severely wounded.
The kobold barely misses you.
You hit the kobold but do no damage.
The kobold is severely wounded.
The kobold hits you with a +0 whip.
You die...

.................#
.................#
.................#
..........#.#.####
.................#
#.#####...###.##.#
#.# #.###...##.#
.># #..# #.####.#
### #.## #.####@#
# #. #...##K#
#.####...#.l####
#..............##
#.###...........##
# #...[........#
## #..#..........#
.##
#..#..........#
<.###
#...#>.........#


You could see a kobold and a frilled lizard.

Vanquished Creatures
  A goblin (D:1)
  A hobgoblin (D:1)
  2 jackals (D:1)
  4 bats (D:1)
  A frilled lizard (D:1)
  A kobold (D:1)
  A rat (D:1)
11 creatures vanquished.

Notes
Turn   | Place    | Note
-------+----------+-------------------------------------------
     0 | D:1      | Blumpo the Draconian Fire Elementalist began the quest for
                  | the Orb.
     0 | D:1      | Reached XP level 1. HP: 14/14 MP: 3/3
   529 | D:1      | Reached XP level 2. HP: 20/20 MP: 5/5
   574 | D:1      | Slain by a kobold

Levels and vault maps discovered:
D:1:      nzn_arrival_settlement, layout_rooms, solitary_fountain

Skill      XL: |  1  2 |
---------------+-------+-----
Stealth        | 2 |  2.0
Maces & Flails | |  0.4
Dodging        | |  1.9
Spellcasting   | |  2.2
Conjurations   | |  1.0
Fire Magic     | |  3.1

Action                   || total
-------------------------++-------
Melee: Club              ||    43
       Tailslap          ||     2
 Cast: Flame Tongue      ||    10
Armor: Skin              ||    25
Dodge: Dodged            ||    55
